 Dungeon Crawl Stone Soup version 0.25-a0-294-gea9b1ad (webtiles) character file.

Game seed: 1210836714639847715, levelgen mode: deterministic

133 15 the Caller (level 5, 0/54 HPs)
             Began as a Merfolk Summoner on Dec 16, 2019.
             Slain by an iron imp (4 damage)
             ... summoned by Natasha
             ... on level 2 of the Dungeon on Dec 17, 2019.
             The game lasted 00:17:53 (2203 turns).

15 the Caller (Merfolk Summoner)                    Turns: 2203, Time: 00:17:54

Health: 0/54       AC:  2    Str: 15    XL:     5   Next: 16%
Magic:  6/9        EV: 13    Int: 14    God:
Gold:   38         SH:  0    Dex: 14    Spells: 0/10 levels left

rFire    . . .     SeeInvis .   n - +0 scythe
rCold    . . .     Gourm    .   (shield currently unavailable)
rNeg     . . .     Faith    .   o - +0 robe
rPois    .         Spirit   .   (no helmet)
rElec    .         Reflect  .   (no cloak)
rCorr    .         Harm     .   (no gloves)
MR       .....                  (no boots)
Stlth    ..........             (no amulet)
HPRegen  0.18/turn              (no ring)
MPRegen  0.11/turn              (no ring)

@: berserking, very quick
A: change form in water, swift swim, stealthy swim
a: no special abilities


You were on level 2 of the Dungeon.
You were hungry.

You visited 1 branch of the dungeon, and saw 2 of its levels.

You collected 38 gold pieces.

Inventory:

Hand Weapons
 d - a +0 dagger
 n - a +0 scythe (weapon)
Armour
 f - a +0 leather armour
 o - a +0 robe (worn)
Scrolls
 b - 2 scrolls of remove curse
 h - a scroll of enchant weapon
Potions
 e - a potion of resistance
 g - 3 potions of mutation
 j - a potion of brilliance {unknown}
 k - a potion of curing {unknown}
 l - 2 potions of heal wounds
Comestibles
 a - 2 chunks of flesh
 c - 5 rations


   Skills:
 + Level 0.5 Fighting
 + Level 1.1 Short Blades
 + Level 3.1 Dodging
 + Level 2.9 Stealth
 + Level 3.0 Spellcasting
 + Level 5.0 Summonings


You couldn't memorise any spells.
You knew the following spells:

 Your Spells              Type           Power        Failure   Level  Hunger
a - Summon Small Mammal   Summ           ###.         2%          1    #......
b - Call Imp              Summ           ###.....     4%          2    ##.....
c - Call Canine Familiar  Summ           ###.....     8%          3    ###....
d - Summon Ice Beast      Ice/Summ       #.......     58%         4    #####..

Your spell library contained the following spells:

 Spells                   Type           Power        Failure   Level  Hunger
 Summon Guardian Golem    Hex/Summ       #.......     22%         3    ###....
 Summon Lightning Spire   Summ/Air       #.......     58%         4    #####..


Dungeon Overview and Level Annotations

Branches:
Dungeon (2/15)

Altars:
Uskayaw

Annotations:
D:2 Natasha, Terence


Message History

* * * LOW HITPOINT WARNING * * *
Terence closely misses you. Natasha barely misses you.
You barely miss Terence.
Terence is severely wounded.
The iron imp barely misses you. Terence hits you with a +0 short sword.
* * * LOW HITPOINT WARNING * * *
Natasha closely misses you.
You completely miss Terence.
Terence is severely wounded.
Terence closely misses you. Natasha claws you but does no damage.
The iron imp hits you but does no damage.
Terence hits you with a +0 short sword.
* * * LOW HITPOINT WARNING * * *
Unknown command.
You hit Natasha.
Natasha is severely wounded.
Natasha claws you.
* * * LOW HITPOINT WARNING * * *
The iron imp hits you.
You die...

# ## ##. #### #.. .
..# ## ##. ...
#.###.####### ##
#...##.##.h......#
#####
#.........@@...#
#....
#..###.#..5.....#
#.### # #.##.####.##
#.# #.### #.# #.#
..# #.# #.#
.########.## #.###
.. #.......# #.#.#
..
###.....########....
#.................


You could see Terence, an iron imp and Natasha.

Vanquished Creatures
  Natasha (D:2)
  A giant cockroach (D:2)
  2 goblins (D:1)
  A jackal (D:1)
  2 bats
  2 frilled lizards
  2 kobolds (D:2)
  4 rats
15 creatures vanquished.

Vanquished Creatures (collateral kills)
  Sigmund (D:2)
  2 adders (D:2)
  A dart slug (D:1)
  A leopard gecko (D:1)
  A ball python (D:1)
  A goblin (D:2)
  3 hobgoblins (D:1)
  7 jackals (D:1)
  2 bats
  A frilled lizard (D:1)
  6 kobolds
  A rat (D:2)
27 creatures vanquished.

Grand Total: 42 creatures vanquished

Notes
Turn   | Place    | Note
-------+----------+-------------------------------------------
     0 | D:1      | 15 the Merfolk Summoner began the quest for the Orb.
     0 | D:1      | Reached XP level 1. HP: 13/13 MP: 3/3
   364 | D:1      | Reached XP level 2. HP: 16/19 MP: 0/5
   375 | D:1      | Learned a level 2 spell: Call Imp
  1184 | D:1      | Reached XP level 3. HP: 19/24 MP: 2/6
  1193 | D:1      | Learned a level 3 spell: Call Canine Familiar
  1501 | D:2      | Noticed Natasha
  1515 | D:2      | Killed Natasha
  1589 | D:2      | Found a hide-covered altar of Uskayaw.
  1626 | D:2      | Noticed Sigmund
  1766 | D:2      | Killed Sigmund
  1766 | D:2      | Reached skill level 1 in Short Blades
  1766 | D:2      | Reached skill level 5 in Summonings
  1766 | D:2      | Reached XP level 4. HP: 27/31 MP: 1/8
  1766 | D:2      | Reached XP level 5. HP: 32/36 MP: 1/9
  1772 | D:2      | Learned a level 4 spell: Summon Ice Beast
  2179 | D:2      | Noticed Natasha
  2182 | D:2      | Noticed Terence
  2203 | D:2      | Slain by an iron imp

Levels and vault maps discovered:
D:1:      scummos_arrival_simple_fountains, layout_basic
D:2:      layout_loops_corners, eat_drink_and_be_merry_uskayaw, first_ration,
          makhleb_blood_cavern_becter, uniq_natasha, uniq_sigmund, uniq_terence

Skill      XL: |  1  2  3 |
---------------+----------+-----
Dodging        | 3 |  3.1
Short Blades   | 1 |  1.1
Spellcasting   | 3 |  3.0
Summonings     | 5 |  5.0
Fighting       | |  0.5
Stealth        | |  2.9

Action                   |  1- 3 |  4- 6 || total
-------------------------+-------+-------++-------
Melee: Unarmed           |    10 |       ||    10
       Club              |     3 |       ||     3
       Dagger            |    52 |       ||    52
       Spear             |     2 |       ||     2
       Scythe            |       |    26 ||    26
 Cast: Summon Small Mamm |    22 |       ||    22
       Call Imp          |    13 |       ||    13
       Call Canine Famil |     5 |     4 ||     9
  Use: Scroll            |     7 |     1 ||     8
       Potion            |     1 |     1 ||     2
 Stab: Sleeping          |     5 |     1 ||     6
  Eat: Chunk             |     5 |     1 ||     6
Armor: Robe              |    15 |    11 ||    26
Dodge: Dodged            |    77 |    38 ||   115

Table legend:
 A = Non-vault XP
 B = Vault XP
 C = Vault XP percentage of total XP
 D = Non-vault monster count
 E = Vault monster count
 F = Vault count percentage of total count
                 A         B        C        D         E       F
            +---------+---------+-------+---------+---------+-------
      Total |      62 |     129 |  67.5 |      40 |       2 |   4.8
            +---------+---------+-------+---------+---------+-------
        D:1 |      34 |       0 |   0.0 |      28 |       0 |   0.0
        D:2 |      28 |     129 |  82.2 |      12 |       2 |  14.3
            +---------+---------+-------+---------+---------+-------
